 Dungeon Crawl Stone Soup version 0.19.1-1-g22dce08 (console) character file.

70 Grinner the Sneak (level 4, 0/27 HPs)
             Began as a Kobold Assassin on Jan 20, 2017.
             Slain by Terence
             ... wielding a +2 mace of holy wrath
              (9 damage)
             ... on level 2 of the Dungeon.
             The game lasted 00:06:19 (1044 turns).

Grinner the Sneak (Kobold Assassin)                 Turns: 1044, Time: 00:06:21

Health: 0/27       AC:  3    Str:  8    XL:     4   Next: 44%
Magic:  4/4        EV: 13    Int: 12    God:
Gold:   25         SH:  4    Dex: 17    Spells: 0 memorised, 3 levels left

rFire  . . .     SeeInvis .     a - +2 dagger
rCold  . . .     Gourm    .     c - +0 robe
rNeg   . . .     Faith    .     q - +0 buckler
rPois  .         Spirit   .     (no helmet)
rElec  .         Reflect  .     d - +0 cloak
rCorr  .         Harm     .     (no gloves)
MR     .....                    (no boots)
Stlth  ++++......               (no amulet)
                                (no ring)
                                (no ring)

@: no status effects
A: carnivore 3
a: no special abilities


You were on level 2 of the Dungeon.
You were not hungry.

You visited 1 branch of the dungeon, and saw 2 of its levels.

You collected 25 gold pieces.

Inventory:

Hand Weapons
 a - a +2 dagger (weapon)
 b - a +0 blowgun
Armour
 c - a +0 robe (worn)
 d - a +0 cloak (worn)
 q - a +0 buckler (worn)
Scrolls
 h - a scroll of recharging {unknown}
 j - 3 scrolls of immolation {unknown}
 k - 3 scrolls of remove curse {unknown}
 l - a scroll of enchant armour {unknown}
 n - a scroll of noise {unknown}
 p - a scroll of random uselessness {unknown}
Potions
 i - a potion of brilliance {unknown}
 m - a potion of flight {unknown}
Comestibles
 g - a meat ration
 o - a beef jerky


   Skills:
 + Level 2.5 Fighting
 + Level 3.6 Short Blades
 + Level 2.5 Throwing
 + Level 1.5 Dodging
 + Level 6.6 Stealth


You had 3 spell levels left.
You didn't know any spells.

Dungeon Overview and Level Annotations

Branches:
Dungeon (2/15)

Altars:

Annotations:
D:2 Terence


Innate Abilities, Weirdness & Mutations

You are small and have problems with some larger weapons.
You are carnivorous and can eat meat at any time.


Message History

You hit Terence but do no damage.
Terence is severely wounded.
You hit Terence but do no damage.
Terence is severely wounded.
Terence closely misses you.
You hit Terence but do no damage.
Terence is severely wounded.
Terence completely misses you.
You hit Terence but do no damage.
Terence is severely wounded.
You barely miss Terence.
Terence is severely wounded.
Terence hits you with a mace of holy wrath.
You hit Terence.
Terence is severely wounded.
Terence hits you with a mace of holy wrath.
You hit Terence but do no damage.
Terence is severely wounded.
Terence hits you with a mace of holy wrath!
You die...

#...............##.#.#.#.......
#..................#.#.#.......
#...............####.#.#.......
#................>)............
#...............#..............
#...)#######+####.####.##.#+#..
#....# #.#.........##.#.#.#
#....# #.#.##.#######.#.#..
#....#######.#@##..............
#....#....##.#@#####........###
###....#....##.#s##############
................g........
###############.(....#.##
................#
.########.......# #.......#
..####.#####.#


You could see Terence, a gnoll and a giant cockroach.

Vanquished Creatures
  2 gnolls (D:2)
  2 adders
  A worm (D:2)
  3 leopard geckos
  3 bats
  A giant cockroach (D:2)
  4 goblins
  A hobgoblin (D:1)
  5 kobolds
  A quokka (D:2)
  A ball python (D:1)
  A frilled lizard (D:2)
  2 rats (D:1)
27 creatures vanquished.

Notes
Turn   | Place    | Note
-------+----------+-------------------------------------------
     0 | D:1      | Grinner the Kobold Assassin began the quest for the Orb.
     0 | D:1      | Reached XP level 1. HP: 12/12 MP: 1/1
   247 | D:1      | Reached XP level 2. HP: 18/18 MP: 2/2
   607 | D:1      | Reached skill level 6 in Stealth
   607 | D:1      | Reached XP level 3. HP: 19/22 MP: 3/3
   897 | D:2      | Reached XP level 4. HP: 21/27 MP: 4/4
  1012 | D:2      | Noticed Terence
  1044 | D:2      | Slain by Terence

Skill      XL: |  1  2 |
---------------+-------+-----
Short Blades   | 3 |  3.6
Stealth        | 6 |  6.6
Fighting       | |  2.5
Throwing       | |  2.5
Dodging        | |  1.5

Action                   |  1- 3 |  4- 6 || total
-------------------------+-------+-------++-------
Melee: Dagger            |    67 |    12 ||    79
 Fire: Blowgun           |    11 |    10 ||    21
 Stab: Sleeping          |     7 |       ||     7
  Eat: Chunk             |     4 |       ||     4
Armor: Robe              |    10 |       ||    10
Dodge: Dodged            |    41 |     7 ||    48
